AoeStats
← Coyunto90

Northern Isles

510614580Analyzed
1v1 RM · 17h ago on Oct 1, 2026· 46m 18s· 2 players
Game mode
Random Map
Map size
Tiny (2 player)
Population
200
Speed
Normal
Resources
Standard
Victory
Conquest
Starting age
Dark Age
Ending age
Imperial Age
RankedLock teamsTeams togetherTeam positionsShared explorationLock speedFull tech treeHidden civsTurbo modeCheats
Victory
Defeat
🇪🇸 Italians · Spain
1168
+17
1187
-17
Coyunto90
11:42 Feudal Age
12:35 Double-Bit Axe
15:16 Fletching
17:07 Loom
17:37 Fishing Lines
20:34 Castle Age
19:45 Scale Barding Armor
21:30 Medium Warships
21:17 Bodkin Arrow
22:18 Bow Saw
24:41 Horse Collar
25:08 Light Cavalry
28:38 Forging
30:06 Bloodlines
35:08 Imperial Age
34:50 Careening
35:09 Guard Tower
35:41 Ballistics
36:22 Wheelbarrow
36:57 Chemistry
36:48 Heavy Warships
36:21 Arrowslits
36:43 Siphons
37:03 Shipwright
37:45 Dry Dock
38:16 Bracer
38:16 Scale Mail Armor
39:07 Clinker Construction
39:57 Chain Mail Armor
41:59 Elite Cannon Galleon
44:34 Carvel Hull
44:49 Plate Mail Armor
45:19 Hand Cart
44:49 Town Watch
45:42 Iron Casting
秦心酱是最强的
8:12 Loom
13:45 Feudal Age
14:41 Double-Bit Axe
17:43 Fletching
22:03 Castle Age
21:53 Fishing Lines
23:07 Bow Saw
22:56 Bodkin Arrow
23:13 Medium Warships
31:12 Squires
31:19 Scale Mail Armor
32:53 Forging
40:22 Imperial Age
38:38 Wheelbarrow
37:48 Town Watch
41:15 Bracer
40:50 Elite Longship
Connection lost

Rejoining the realm…

Still unreachable

The connection could not be restored.

Session expired

The server has moved on; the page needs a fresh start.